 Dungeon Crawl Stone Soup version 0.30.1-4-g462c640d31 (webtiles) character file.

Game seed: 1716229062868800328

9 jacobus the Vexing (level 2, 14/14 HPs)
             Began as a Spriggan Hexslinger on Aug 21, 2023.
             Quit the game on level 1 of the Dungeon.
             The game lasted 00:01:54 (579 turns).

jacobus the Vexing (Spriggan Hexslinger)             Turns: 579, Time: 00:01:55

Health: 14/14      AC:  2    Str:  6    XL:     2   Next: 6%
Magic:  5/5        EV: 17    Int: 14    God:
Gold:   35         SH:  0    Dex: 15    Spells: 2/3 levels left

rFire   . . .        a - +1 sling
rCold   . . .        (no shield)
rNeg    . . .        c - +0 robe
rPois   .            (helmet restricted)
rElec   .            (no cloak)
rCorr   .            (gloves unavailable)
SInv    +            (boots unavailable)
Will    .....        (no amulet)
Stlth   +            (no ring)
HPRegen 0.22/turn    (no ring)
MPRegen 0.09/turn

%: no passive effects
@: very quick
A: very small, no large weapons, unfitting armour, see invisible, speed 3
a: no special abilities


You were on level 1 of the Dungeon.
You visited 1 branch of the dungeon, and saw 1 of its levels.

You collected 35 gold pieces.

Inventory:

Hand Weapons
 a - a +1 sling (weapon)
Armour
 c - a +0 robe (worn)
Jewellery
 f - a +6 ring of intelligence
Scrolls
 b - a scroll of poison
 d - a scroll of identify {unknown}
 g - a scroll of enchant armour {unknown}
 h - a scroll of enchant weapon {unknown}
Potions
 e - a potion of haste {unknown}
 i - a potion of brilliance {unknown}


   Skills:
 + Level 0.7 Fighting
 + Level 2.5 Ranged Weapons
 + Level 2.9 Dodging
 + Level 1.3 Spellcasting
 + Level 3.7 Hexes


You had 2 spell levels left.
You knew the following spells:

 Your Spells              Type           Power      Damage    Failure   Level
a - Slow                  Hex            44%        N/A       5%          1

Your spell library contained the following spells:

 Spells                   Type           Power      Damage    Failure   Level
 Cigotuvi's Dreadful Rot  Necr/Pois/Air  0%         N/A       36%         2
 Inner Flame              Hex/Fire       6%         N/A       34%         3
 Portal Projectile        Hex/Tloc       12%        N/A       34%         3
 Cause Fear               Hex            5%         N/A       47%         4
 Dispel Undead            Necr           0%         3d6       94%         4
 Death Channel            Necr           0%         N/A       100%        6


Dungeon Overview and Level Annotations

Branches:
Dungeon (1/15)

Altars:


Innate Abilities, Weirdness & Mutations

You are very small and have problems with some larger weapons.
You are too small for most types of armour.
You have supernaturally acute eyesight. (SInv)
You cover ground extremely quickly. (Speed+++)


Message History

There is an open door here.
Found 3 stones.
A dart slug comes into view.
You shoot a sling bullet. The sling bullet hits the dart slug.
The dart slug is severely wounded.
You shoot a sling bullet. The sling bullet hits the dart slug!
You kill the dart slug!
You have reached level 2!
d - a scroll labelled QUV WIORUO You now have 16 gold pieces (gained 9).
e - a lumpy puce potion
Found 4 stones.
You see here 4 stones.
You open the door.
Found a chain mail.
Found a stone staircase leading down.
f - a +6 ring of intelligence You now have 27 gold pieces (gained 11).
Found 4 boomerangs.
Found 5 stones.
You now have 35 gold pieces (gained 8).
g - a scroll labelled NOMEZY RET QITZ
Things that are here:
5 stones; a +0 ring mail You open the door.
There is an open door here.
You pick up a book of Decay and begin reading...
You add the spells Cigotuvi's Dreadful Rot, Dispel Undead and Death Channel to your library.
h - a scroll labelled SUNAENKO DEPRAPU
i - a puce potion You open the door.
There is an open door here.
There is an open door here.
Done exploring.
Done exploring.
Done exploring.
Done exploring.
Search for what [? for help]?
Okay, then.
Are you sure you want to abandon this character and quit the game? (Confirm with "yes".)

##..............##'####
#...........##..##.# ########
##..##...........#.# #.......
#..##.###.........####.......
#............###.............
##.##.####.#.............####
#.##.# #.#########.#.......
#....# #.### #.##.#####
######.# #..@# #.##..####
#......# ###.#######.###....#
#.####†# #....^........##.#
#.####.## #########.###.##..
#.......# #.###.###.
######..# #######.....####
#.†#### #.......##.....#
##....####(#########.##.#
#...................##..


There were no monsters in sight!

Vanquished Creatures
  A dart slug (D:1)
  A ball python (D:1)
  An endoplasm (D:1)
  3 jackals (D:1)
6 creatures vanquished.

Notes
Turn   | Place    | Note
-------+----------+-------------------------------------------
     0 | D:1      | jacobus the Spriggan Hexslinger began the quest for the
                  | Orb.
     0 | D:1      | Reached XP level 1. HP: 9/9 MP: 3/3
   265 | D:1      | Reached XP level 2. HP: 14/14 MP: 5/5
   579 | D:1      | Quit the game

Illustrated notes

Levels and vault maps discovered:
D:1:      minmay_arrival_nine_rooms, layout_basic

Action                     || total
---------------------------++-------
   Fire: Sling             ||    29
   Cast: Slow              ||     1
 Armour: Robe              ||     1
  Dodge: Dodged            ||    14
